 Dungeon Crawl Stone Soup version 0.30-a0-883-g5ad918d (webtiles) character file.

Game seed: 14578270807788986224

253528 Illumine the Spry (level 20, -7/136 HPs)
             Began as a Kobold Hunter on Mar 16, 2023.
             Was the Champion of Qazlal.
             Killed from afar by a blizzard demon (23 damage)
             ... with a bolt of lightning
             ... on level 1 of the Depths.
             The game lasted 01:37:58 (41213 turns).

Illumine the Spry (Kobold Hunter)                  Turns: 41213, Time: 01:37:59

Health: -7/136     AC:  8    Str:  9    XL:     20   Next: 52%
Magic:  32/32      EV: 32    Int: 12    God:    Qazlal [******]
Gold:   1973       SH: 13    Dex: 25    Spells: 9/35 levels left

rFire   + + .      SeeInvis .    a - +5 arbalest (freeze)
rCold   . . .      Faith    .    (shield currently unavailable)
rNeg    + + +      Spirit   .    p - +3 salamander hide armour {Flames, rFlCloud rF++ rC--}
rPois   .          Reflect  +    k - +2 hat
rElec   +          Rampage  .    K - scarf {rC+ rF+}
rCorr   +                        (no gloves)
Will    +....                    (no boots)
Stlth   +                        d - amulet "Ise Teurphit" {Reflect Fragile rF- rN+++ rCorr SH+5}
HPRegen 0.42/turn                n - ring of protection from cold
MPRegen 0.23/turn                m - +4 ring of slaying

@: protected from electricity, repel missiles
A: small, no large weapons, nightstalker 3, MP-powered wands
}: 2/15 runes: barnacled, gossamer
a: Renounce Religion, Upheaval, Elemental Force, Disaster Area


You were on level 1 of the Depths.
You worshipped Qazlal.
Qazlal was exalted by your worship.
You visited 8 branches of the dungeon, and saw 34 of its levels.
You also visited: Bailey and Ice Cave.

You collected 3227 gold pieces.
You spent 1254 gold pieces at shops.

Inventory:

Hand Weapons
 a - a +5 arbalest of freezing (weapon)
 b - a +4 quick blade
 x - the +7 Throatcutter {drain, coup de grace}
   (You found it on level 5 of the Dungeon)
 O - the +7 short sword of a ziggurat {drain, rElec rF+++ rC+ Str-5}
   (You found it on level 2 of the Dungeon)

   Str:       It affects your strength (-5).
   rF:        It renders you almost immune to fire.
   rC:        It protects you from cold.
   rElec:     It insulates you from electricity.
Missiles
 v - 10 throwing nets
Armour
 k - a +2 hat (worn)
 o - a +0 kite shield of reflection
 p - the +3 salamander hide armour (worn) {Flames, rFlCloud rF++ rC--}
   (You found it on level 3 of the Dungeon)

   Flames:    It surrounds you with flame clouds and enhances your fire magic.
   rFlCloud:  It grants immunity to flame clouds.
   rF:        It greatly protects you from fire.
   rC:        It makes you very vulnerable to cold.
 K - a scarf of resistance (worn)
Magical Staves
 z - a staff of fire
Jewellery
 d - the amulet "Ise Teurphit" (around neck) {Reflect Fragile rF- rN+++ rCorr SH+5}
   (You found it on level 13 of the Dungeon)

   [amulet of reflection]

   It reflects blocked missile attacks.
   rF:        It makes you vulnerable to fire.
   rN:        It renders you almost immune to negative energy.
   rCorr:     It protects you from acid and corrosion.
   Fragile:   It will be destroyed if unequipped.
   SH:        It affects your SH (+5).
 m - a +4 ring of slaying (right hand)
 n - a ring of protection from cold (left hand)
 C - a ring of poison resistance
 D - a ring of protection from cold
 F - a ring of see invisible
 G - a ring of positive energy
 Q - a ring of flight
 Y - a ring of willpower
Wands
 q - a wand of polymorph (3)
 E - a wand of paralysis (8)
 H - a wand of flame (89)
 L - a wand of roots (18)
 U - a wand of acid (5)
Scrolls
 g - 3 scrolls of immolation
 i - 3 scrolls of fear
 j - a scroll of torment
 w - 12 scrolls of teleportation
 y - 4 scrolls of fog
 J - 6 scrolls of poison
 M - 3 scrolls of butterflies
 S - a scroll of silence
 V - a scroll of magic mapping
 X - 7 scrolls of vulnerability
Potions
 c - 3 potions of attraction
 e - 7 potions of mutation
 f - 2 potions of cancellation
 h - 2 potions of invisibility
 l - 4 potions of brilliance
 s - 18 potions of curing
 t - 8 potions of heal wounds
 u - 8 potions of ambrosia
 A - 5 potions of magic
 I - 2 potions of lignification
 N - 3 potions of resistance
 R - 6 potions of haste
 W - 2 potions of might
Miscellaneous
 r - a tin of tremorstones (2/2)
 T - a phantom mirror


   Skills:
 + Level 18.0 Fighting
 - Level 5.1(8.0) Short Blades
 - Level 6.0(6.3) Long Blades
 - Level 18.0 Ranged Weapons
 - Level 6.0 Armour
 + Level 18.4 Dodging
 - Level 3.1 Stealth
 - Level 8.0 Spellcasting
 + Level 8.0 Necromancy
 - Level 2.0 Translocations
 - Level 8.0 Transmutations
 - Level 4.1 Air Magic
 + Level 6.6 Earth Magic
 - Level 8.0 Poison Magic
 - Level 12.0 Invocations
 - Level 8.1 Evocations


You had 9 spell levels left.
You knew the following spells:

 Your Spells              Type           Power      Damage    Failure   Level
a - Apportation           Tloc           18%        N/A       9%          1
b - Swiftness             Air            14%        N/A       11%         3
c - Olgreb's Toxic Radia  Pois           24%        N/A       7%          4
d - Maxwell's Capacitive  Air            7%         ∞         100%        8
e - Alistair's Intoxicat  Tmut/Pois      16%        N/A       21%         5
f - Borgnjor's Vile Clut  Necr/Erth      11%        N/A       26%         5

Your spell library contained the following spells:

 Spells                   Type           Power      Damage    Failure   Level
 Necrotise                Necr           96%        1d8       1%          1
 Sublimation of Blood     Necr           24%        N/A       1%          2
 Kiss of Death            Conj/Necr      56%        2d9       3%          1
 Dispel Undead            Necr           24%        3d12      7%          4
 Shock                    Conj/Air       36%        1d5       9%          1
 Petrify                  Tmut/Erth      22%        N/A       10%         4
 Vhi's Electric Charge    Tloc/Air       24%        N/A       16%         3
 Summon Small Mammal      Summ           16%        N/A       19%         1
 Blade Hands              Tmut           12%        N/A       21%         5
 Kindle Blastsparks       Fire/Tloc/Air  28%        2d12      26%         3
 Airstrike                Air            7%         2d(1-17)  34%         4
 Lee's Rapid Deconstruct  Erth           10%        3d8*      34%         5
 Animate Armour           Summ/Erth      24%        N/A       45%         4
 Call Canine Familiar     Summ           4%         N/A       50%         3
 Confusing Touch          Hex            4%         N/A       50%         3
 Dazzling Flash           Conj/Hex       8%         N/A       50%         3
 Hailstorm                Conj/Ice       4%         3d4       50%         3
 Inner Flame              Hex/Fire       7%         N/A       50%         3
 Ozocubu's Armour         Ice            4%         N/A       50%         3
 Summon Guardian Golem    Hex/Summ       4%         N/A       50%         3
 Summon Lightning Spire   Summ/Air       9%         N/A       63%         4
 Irradiate                Conj/Tmut      7%         3d14      71%         5
 Eringya's Noxious Bog    Tmut/Pois      12%        N/A       73%         6
 Iskenderun's Mystic Bla  Conj/Tloc      7%         2d4       77%         4
 Statue Form              Tmut/Erth      14%        N/A       83%         6
 Flame Wave               Conj/Fire      7%         2d5       88%         4
 Fulminant Prism          Conj/Hex       2%         3d5       88%         4
 Sticky Flame             Conj/Fire      7%         2d3       88%         4
 Arcjolt                  Conj/Air       4%         1d14      93%         5
 Summon Forest            Summ/Tloc      3%         N/A       98%         5
 Metabolic Englaciation   Hex/Ice        2%         N/A       99%         5
 Summon Mana Viper        Hex/Summ       4%         N/A       99%         5
 Dragon Form              Tmut           12%        N/A       99%         7
 Iron Shot                Conj/Erth      6%         9d2       100%        6
 Starburst                Conj/Fire      3%         6d3       100%        6
 Summon Cactus Giant      Summ           2%         N/A       100%        6
 Ozocubu's Refrigeration  Ice            2%         4d7       100%        7
 Ignition                 Fire           3%         3d4       100%        8


Dungeon Overview and Level Annotations

Branches:
Dungeon (15/15)            Temple (1/1) D:5            Lair (5/5) D:11
 Shoals (4/4) Lair:3       Spider (4/4) Lair:2        Slime (0/5) Lair:4
    Orc (2/2) D:10            Elf (0/3) Orc:2        Vaults (2/5) D:13
 Depths (1/4) D:15         Bailey (visited)           IceCv (visited)
  Crypt: Vaults:2-3

Altars:
Ashenzari
Cheibriados
Dithmenos
Elyvilon
Fedhas
Gozag
Hepliaklqana
Kikubaaqudgha
Makhleb
Nemelex Xobeh
Okawaru
Qazlal
Ru
Sif Muna
Trog
Uskayaw
Vehumet
Wu Jian
Xom
Yredelemnul
Zin
The Shining One
Jiyva

Shops:
D:3 *   D:4 [   D:8 !   D:13 [   D:15 ?   Orc:2 (([!   Shoals:2 (
Depths:1 ?:=:

Portals:
Trove: D:11 (give +2 storm dragon scales)

Annotations:
D:13 4 transporters
Vaults:2 Mara


Innate Abilities, Weirdness & Mutations

You are small and have problems with some larger weapons.
You are completely attuned to the shadows.
You expend magic power (3 MP) to strengthen your wands.


Message History

Aim: a cyan ugly thing (almost dead, 79% to hit)
You shoot a bolt. The bolt hits the cyan ugly thing!
The bolt freezes the cyan ugly thing.
You kill the cyan ugly thing!
Qazlal accepts your kill. The blizzard demon gestures at you.
The bolt of lightning misses you.
Fire: a) +5 arbalest (freeze)
Press: ? - help, Q - select action, (/) - cycle Shift-Dir - straight line, f - blizzard demon
Aim: a blizzard demon (79% to hit)
You shoot a bolt.
The bolt barely misses the blizzard demon.
The blizzard demon waves its arms in wide circles.
The air twists around and strikes you!
* * * LOW HITPOINT WARNING * * *
Fire: a) +5 arbalest (freeze)
Press: ? - help, Q - select action, (/) - cycle Shift-Dir - straight line, f/p - blizzard demon
Aim: a blizzard demon (79% to hit)
You shoot a bolt. The bolt hits the blizzard demon.
The blizzard demon is lightly wounded.
The blizzard demon gestures at you.
You hear a sizzling sound!
Fire: a) +5 arbalest (freeze)
Press: ? - help, Q - select action, (/) - cycle Shift-Dir - straight line, f/p - blizzard demon
Aim: a blizzard demon (lightly wounded, 79% to hit)
You shoot a bolt. The bolt hits the blizzard demon!
The bolt freezes the blizzard demon.
The blizzard demon is moderately wounded.
The blizzard demon waves its arms in wide circles.
The air twists around and strikes you!
* * * LOW HITPOINT WARNING * * *
Blink to where?
Press: ? - help, Dir - move target, p - blizzard demon
As you read the scroll of blinking, it crumbles to dust.
There is an open door, spattered with blood here.
You open the door. The blizzard demon gestures at you.
The bolt of lightning hits you!!
You feel protected from electricity.
You die...

#### ##+#..#
##.....#####.
#......'.....
#....○##(###.
#....☼@☼°..###
##..<.☼#°°....#
#.....##○###..#
###.
#######....####
##... #....2...#
##.... #.....2..+
##..... ##.......#
##.^...∩
##......###.......
#........#.......


You could see a blizzard demon.

Vanquished Creatures
  Nikola (Spider:4)
  A titan (Shoals:4)
  A kraken (Shoals:1)
  Polyphemus (Shoals:2)
  Kirke (Shoals:3)
  Donald (Lair:3)
  A vault warden (Vaults:1)
  3 emperor scorpions
  3 ghost moths
  3 orc warlords
  An ironbound thunderhulk (Vaults:1)
  2 stone giants
  2 very ugly things (Depths:1)
  5 ironbound preservers (Vaults:1)
  4 broodmothers
  Snorg (D:12)
  3 merfolk javelineers (Shoals:4)
  A great orb of eyes (Vaults:1)
  10 merfolk impalers
  5 entropy weavers
  A yaktaur captain (Vaults:1)
  A rakshasa (D:15)
  An ogre mage (D:14)
  6 hydras
  3 catoblepae
  6 radroaches
  4 merfolk aquamancers
  7 two-headed ogres
  3 jorogumos
  3 alligator snapping turtles
  11 centaur warriors
  2 ironbound frosthearts (Vaults:1)
  17 boulder beetles
  A satyr (Shoals:2)
  3 merfolk avatars
  2 tengu warriors (D:15)
  14 death yaks
  3 skysharks
  4 skeletal warriors
  4 sun moths
  5 pharaoh ants
  An iron troll (D:13)
  12 sea snakes
  2 bog bodies (IceCv)
  2 ironbound convokers (Vaults:1)
  21 deep trolls (Vaults:1)
  6 orb spiders
  A glowing orange brain (Vaults:1)
  7 harpies
  9 steelbarb worms
  6 orc knights
  14 wolf spiders
  2 deep elf pyromancers
  12 fauns
  2 orc sorcerers
  2 moths of wrath (Spider:4)
  14 ugly things
  2 oklob plants (Lair:4)
  18 manticores
  9 cyclopes
  15 demonic crawlers
  11 elephants
  7 merfolk sirens
  An ice statue (IceCv)
  5 vault sentinels (Vaults:1)
  18 water nymphs
  2 cane toads (shapeshifter) (D:13)
  5 gargoyles
  2 black mambas (Lair:5)
  10 cane toads
  6 torpor snails
  Psyche (D:12)
  An unseen horror (D:12)
  3 rime drakes
  A freezing wraith (IceCv)
  2 kobold demonologists
  6 komodo dragons
  A yaktaur (Vaults:1)
  5 efreet
  A tengu conjurer (D:15)
  5 polar bears
  10 meliai
  2 hornets (Lair:5)
  22 merfolk
  A polar bear (shapeshifter) (D:14)
  8 trolls
  8 wind drakes
  17 blink frogs
  A tarantella (shapeshifter) (D:13)
  12 dream sheep
  A wind drake (shapeshifter) (D:13)
  26 tarantellas
  2 blink frogs (shapeshifter) (D:13)
  7 snapping turtles
  Sigmund (D:2)
  15 culicivoras
  A vampire (D:12)
  6 air elementals (Shoals:4)
  A centaur simulacrum (D:14)
  5 wraiths
  31 jumping spiders
  8 wyverns
  6 spriggans (Bailey)
  3 shadows
  21 slime creatures
  20 water elementals
  A dire elephant simulacrum (IceCv)
  2 hogs (Shoals:3)
  50 yaks
  60 redbacks
  A steam dragon (Bailey)
  3 fire bats (Lair:1)
  3 basilisks
  A death yak simulacrum (IceCv)
  Edmund (D:6)
  A warg (D:10)
  2 acid dragons
  12 water moccasins
  2 hydra simulacra (IceCv)
  Duvessa (D:6)
  An ice beast (D:6)
  A black bear (D:4)
  38 orc warriors
  12 wolves
  5 boggarts
  16 ogres
  21 centaurs
  2 phantoms (D:5)
  10 kobold brigands
  2 gnoll sergeants
  14 bullfrogs
  4 scorpions
  5 wights (D:9)
  7 two-headed ogre simulacra (IceCv)
  2 cane toad simulacra (IceCv)
  Dowan (D:6)
  An elephant simulacrum (IceCv)
  11 killer bees
  6 howler monkeys
  6 electric eels
  A lava snake (Lair:1)
  15 orc priests
  2 jellies
  Crazy Yiuf (D:4)
  A gnoll bouda (D:6)
  2 hounds
  2 sleepcaps
  15 orc wizards
  7 hell rats (Lair:5)
  2 polar bear simulacra (IceCv)
  3 spriggan simulacra (IceCv)
  4 troll simulacra (IceCv)
  3 wolf simulacra (IceCv)
  19 gnolls
  4 adders
  7 naga simulacra (IceCv)
  11 white imps
  6 ufetubi (IceCv)
  2 worms
  2 dart slugs
  71 orcs
  7 endoplasms
  4 giant cockroaches
  8 goblins
  8 hobgoblins
  8 jackals
  3 quokkas
  3 ball pythons
  9 bats
  5 frilled lizards
  25 kobolds
  5 rats
  A bush (Lair:5)
  2 tentacles (Shoals:1)
1209 creatures vanquished.

Vanquished Creatures (collateral kills)
  A merfolk aquamancer (Shoals:4)
  A sea snake (Shoals:4)
  A merfolk siren (Shoals:4)
  A water nymph (Shoals:4)
  A merfolk (Shoals:4)
5 creatures vanquished.

Vanquished Creatures (others)
  A merfolk (Shoals:1)
  4 humans (Shoals:3)
  A vampire mosquito (D:12)
  An orc warrior (Orc:2)
  A centaur (D:11)
  A kobold brigand (D:5)
  An orc wizard (D:10)
  4 orcs (Orc:2)
  115 fungi
  340 plants
  14 tentacles (Shoals:1)
  5 withered plants (D:14)
488 creatures vanquished.

Grand Total: 1702 creatures vanquished

Notes
Turn   | Place    | Note
-------+----------+-------------------------------------------
     0 | D:1      | Illumine the Kobold Hunter began the quest for the Orb.
     0 | D:1      | Reached XP level 1. HP: 12/12 MP: 1/1
    85 | D:1      | Reached XP level 2. HP: 17/17 MP: 2/2
   244 | D:1      | Reached XP level 3. HP: 21/21 MP: 3/3
  1006 | D:2      | Noticed Sigmund
  1116 | D:3      | Reached XP level 4. HP: 26/26 MP: 4/4
  1163 | D:3      | Found Ircha's General Store.
  1173 | D:3      | Found the +3 salamander hide armour {Flames, rFlCloud rF++
                  | rC--}
  1732 | D:4      | Found Inwei's Armour Shoppe.
  1777 | D:4      | Noticed a black bear
  1782 | D:4      | Killed a black bear
  1783 | D:4      | Reached skill level 1 in Armour
  1783 | D:4      | Reached XP level 5. HP: 26/32 MP: 5/5
  1785 | D:4      | Noticed an ogre
  1793 | D:4      | Killed an ogre
  1794 | D:4      | Reached XP level 6. HP: 34/37 MP: 6/6
  1871 | D:4      | Found a runed translucent door.
  1874 | D:4      | Noticed Crazy Yiuf
  1905 | D:4      | Killed Crazy Yiuf
  2174 | D:4      | Reached XP level 7. HP: 43/43 MP: 7/7
  2364 | D:4      | Found an ornate altar of the Wu Jian Council.
  2364 | D:4      | Found a shimmering altar of Xom.
  2364 | D:4      | Found a blossoming altar of Fedhas.
  2395 | D:5      | Entered Level 5 of the Dungeon
  2503 | D:5      | Found a staircase to the Ecumenical Temple.
  2518 | Temple   | Entered the Ecumenical Temple
  2597 | Temple   | Became a worshipper of Qazlal Stormbringer
  2674 | D:5      | Noticed a kobold demonologist
  2687 | D:5      | Reached skill level 5 in Fighting
  2687 | D:5      | Reached XP level 8. HP: 44/49 MP: 8/8
  2696 | D:5      | Noticed a sixfirhy
  2703 | D:5      | Killed a kobold demonologist
  2854 | D:5      | Found the +7 Throatcutter {drain, coup de grace}
  2921 | D:5      | Reached skill level 1 in Long Blades
  2921 | D:5      | Reached skill level 10 in Ranged Weapons
  3065 | D:5      | Reached XP level 9. HP: 56/56 MP: 9/9
  3217 | D:5      | Gained mutation: You expend magic power (3 MP) to
                  | strengthen your wands. [potion of mutation]
  3299 | D:5      | Reached * piety under Qazlal
  3675 | D:6      | Noticed Edmund
  3692 | D:6      | Killed Edmund
  3769 | D:6      | Found a snail-covered altar of Cheibriados.
  3875 | D:6      | Noticed Duvessa
  3876 | D:6      | Noticed Dowan
  3888 | D:6      | Killed Duvessa
  3894 | D:6      | Killed Dowan
  4108 | D:6      | You fall into a shaft and drop 3 floors!
  4108 | D:9      | Found a sparkling altar of Nemelex Xobeh.
  4455 | D:8      | Reached skill level 5 in Dodging
  4455 | D:8      | Reached XP level 10. HP: 64/64 MP: 10/10
  4946 | D:8      | Found Teag's Distillery.
  4950 | D:8      | Bought 2 potions of curing for 84 gold pieces
  5117 | D:9      | Reached ** piety under Qazlal
  5121 | D:9      | Reached skill level 1 in Invocations
  5440 | D:9      | Learned a level 1 spell: Apportation
  5862 | D:9      | Reached skill level 1 in Spellcasting
  5865 | D:9      | Reached skill level 1 in Translocations
  6107 | D:9      | Found a bloodstained altar of Trog.
  6357 | D:10     | Entered Level 10 of the Dungeon
  6399 | D:10     | Reached XP level 11. HP: 71/71 MP: 12/14
  6583 | D:10     | Reached *** piety under Qazlal
  7085 | D:10     | Noticed a boulder beetle
  7091 | D:10     | Killed a boulder beetle
  7092 | D:10     | Reached skill level 10 in Fighting
  7213 | D:10     | Found a glowing silver altar of Zin.
  7473 | D:10     | Reached skill level 5 in Invocations
  7576 | D:10     | Found a staircase to the Orcish Mines.
  7678 | D:10     | Noticed a two-headed ogre
  7685 | D:10     | Killed a two-headed ogre
  8043 | D:7      | Found a hazy altar of Hepliaklqana.
  8574 | D:7      | Found a flagged portal.
  8580 | Bailey   | Entered a bailey
  8624 | Bailey   | Learned a level 3 spell: Swiftness
  8734 | Bailey   | Reached XP level 12. HP: 50/79 MP: 16/16
  8857 | Bailey   | Noticed a two-headed ogre
  8859 | Bailey   | Reached skill level 1 in Air Magic
  8872 | Bailey   | Killed a two-headed ogre
  9981 | D:2      | Found a sacrificial altar of Ru.
 10154 | D:2      | Identified the +7 short sword of a ziggurat {drain, rElec
                  | rF+++ rC+ Str-5}
 10471 | D:2      | Killed Sigmund
 10761 | D:2      | Found a sacrificial altar of Ru.
 11368 | D:11     | Noticed a skeletal warrior
 11368 | D:11     | Noticed a skeletal warrior
 11368 | D:11     | Noticed a skeletal warrior
 11370 | D:11     | Noticed a skeletal warrior
 11389 | D:10     | Killed a skeletal warrior
 11748 | D:11     | Found a portal to a secret trove of treasure.
 11948 | D:11     | Killed a skeletal warrior
 12098 | Orc:1    | Entered Level 1 of the Orcish Mines
 12106 | Orc:1    | Reached **** piety under Qazlal
 12193 | Orc:1    | Noticed an orc warlord
 12317 | D:10     | Killed an orc warlord
 12676 | Orc:1    | Found a frozen archway.
 12682 | IceCv    | Entered an ice cave
 12696 | IceCv    | Reached skill level 10 in Dodging
 12902 | IceCv    | Reached ***** piety under Qazlal
 13378 | Orc:1    | Reached XP level 13. HP: 52/84 MP: 18/18
 14150 | Orc:1    | Reached skill level 15 in Ranged Weapons
 14388 | Orc:2    | Entered Level 2 of the Orcish Mines
 15081 | Orc:2    | Paralysed by an orc sorcerer for 3 turns
 15415 | Orc:2    | Noticed a centaur warrior
 15421 | Orc:2    | Killed a centaur warrior
 15682 | Orc:2    | Found Gingattu's Armour Shoppe.
 15682 | Orc:2    | Found Iroghod's Antique Weapon Shop.
 15682 | Orc:2    | Found Logaal's Antique Weapon Boutique.
 15683 | Orc:2    | Found Koamefiath's Distillery.
 15695 | Orc:2    | Bought a potion of flight for 45 gold pieces
 15861 | Orc:2    | Found a staircase to the Elven Halls.
 16303 | D:11     | Learned a level 4 spell: Olgreb's Toxic Radiance
 16621 | D:11     | Found a staircase to the Lair.
 16965 | Lair:1   | Entered Level 1 of the Lair of Beasts
 16978 | Lair:1   | Reached skill level 1 in Poison Magic
 17795 | Lair:2   | Reached XP level 14. HP: 92/92 MP: 20/20
 18393 | Lair:2   | Found a hole to the Spider Nest.
 18949 | Lair:2   | Reached ****** piety under Qazlal
 19122 | Lair:2   | Reached skill level 10 in Invocations
 19520 | Lair:3   | Found a staircase to the Shoals.
 21291 | Lair:4   | Reached XP level 15. HP: 100/100 MP: 23/23
 21853 | Lair:4   | Found a viscous altar of Jiyva.
 21890 | Lair:4   | Found a staircase to the Slime Pits.
 22285 | Lair:4   | You fall into a shaft and drop 1 floor!
 22285 | Lair:5   | Entered Level 5 of the Lair of Beasts
 23116 | Lair:5   | Identified the +4 sling "Osufe" {drain, +Blink rF+ Dex-2}
 23567 | D:12     | Reached skill level 1 in Evocations
 23888 | D:12     | Noticed Psyche
 23893 | D:12     | Killed Psyche
 24351 | D:12     | Noticed Snorg
 24358 | D:12     | Killed Snorg
 24864 | D:13     | Identified the amulet "Ise Teurphit" {Reflect Fragile rF-
                  | rN+++ rCorr SH+5}
 24875 | D:13     | Reached XP level 16. HP: 92/107 MP: 25/25
 24979 | D:13     | Found a transporter.
 25042 | D:13     | Found a transporter.
 25228 | D:13     | Found a gate to the Vaults.
 25282 | D:13     | Found an ornate altar of the Wu Jian Council.
 25282 | D:13     | Found a transporter.
 25300 | D:13     | Found a transporter.
 25412 | D:13     | Found Besk's Antique Armour Shoppe.
 25417 | D:13     | Bought an embroidered cloak for 157 gold pieces
 25636 | D:14     | Reached skill level 5 in Spellcasting
 25880 | D:14     | Found an ancient bone altar of Kikubaaqudgha.
 25891 | D:14     | Reached skill level 15 in Fighting
 26106 | D:14     | Reached skill level 5 in Long Blades
 26106 | D:14     | Reached skill level 5 in Armour
 26117 | D:14     | Reached skill level 15 in Dodging
 26560 | D:15     | Entered Level 15 of the Dungeon
 27287 | D:15     | Found Boejual's Magic Scroll Emporium.
 27292 | D:15     | Bought 2 scrolls of blinking for 210 gold pieces
 27292 | D:15     | Bought a scroll of identify for 28 gold pieces
 27292 | D:15     | Bought a scroll of identify for 28 gold pieces
 27629 | D:15     | Found a staircase to the Depths.
 27995 | Shoals:1 | Entered Level 1 of the Shoals
 28003 | Shoals:1 | Reached skill level 5 in Evocations
 28056 | Shoals:1 | Noticed Donald
 28069 | Lair:3   | Learned a level 8 spell: Maxwell's Capacitive Coupling
 28137 | Spider:1 | Entered Level 1 of the Spider Nest
 28161 | Spider:1 | Noticed an emperor scorpion
 28372 | Spider:1 | Reached skill level 5 in Poison Magic
 28565 | Lair:2   | Killed an emperor scorpion
 28928 | Lair:3   | Killed Donald
 28929 | Lair:3   | Reached XP level 17. HP: 55/113 MP: 26/26
 29614 | Shoals:1 | Learned a level 5 spell: Alistair's Intoxication
 29636 | Shoals:1 | Found an opulent altar of Gozag.
 29639 | Shoals:1 | Noticed a kraken
 29663 | Shoals:1 | Killed a kraken
 29911 | Shoals:1 | You fall into a shaft and drop 1 floor!
 29919 | Shoals:2 | Found Xoosty's Antique Weapon Emporium.
 30185 | Shoals:2 | Reached skill level 1 in Transmutations
 30298 | Shoals:2 | Noticed Polyphemus
 30301 | Shoals:2 | Killed Polyphemus
 30471 | Shoals:2 | Bought a glowing quick blade for 702 gold pieces
 30590 | Shoals:2 | Learned a level 5 spell: Borgnjor's Vile Clutch
 31081 | Shoals:3 | Noticed Kirke
 31090 | Shoals:3 | Killed Kirke
 31091 | Shoals:3 | Reached skill level 1 in Short Blades
 31124 | Shoals:2 | Reached skill level 1 in Necromancy
 31124 | Shoals:2 | Reached skill level 1 in Earth Magic
 31902 | Shoals:4 | Entered Level 4 of the Shoals
 32089 | Shoals:4 | Paralysed by an air elemental for 1 turns
 32284 | Shoals:4 | Reached XP level 18. HP: 120/120 MP: 29/29
 32539 | Shoals:4 | Paralysed by an air elemental for 1 turns
 32541 | Shoals:4 | Paralysed by an air elemental for 1 turns
 33127 | Shoals:4 | Noticed a titan
 33133 | Shoals:4 | Killed a titan
 33514 | Shoals:4 | Identified the +0 hand axe of Weak Integrity {elec, rElec
                  | Stlth+}
 33515 | Shoals:4 | Identified the +0 robe of the Spheres {rElec}
 33523 | Shoals:4 | Got Sif Muna's Directory of Feathery Hurting
 33525 | Shoals:4 | Got a barnacled rune of Zot
 33810 | Shoals:4 | Identified the +11 plate armour "Yphami" {rF++}
 34520 | Vaults:1 | Entered Level 1 of the Vaults
 34601 | Vaults:1 | Reached skill level 5 in Short Blades
 34967 | Vaults:1 | Reached skill level 5 in Transmutations
 35484 | Vaults:1 | Reached XP level 19. HP: 127/127 MP: 31/31
 36013 | Vaults:2 | Noticed Mara
 36014 | Vaults:2 | Noticed Illumine's illusion
 36434 | Lair:2   | Reached skill level 5 in Necromancy
 37767 | Spider:2 | You fall into a shaft and drop 1 floor!
 38058 | Spider:2 | Identified the +8 rapier of Vaedgh {flame, *Corrode Drain
                  | Fly SInv}
 38223 | Spider:2 | Identified the +7 quarterstaff "Kesases" {protect, *Noise
                  | *Slow rC+++ Dex+4}
 38284 | Spider:3 | Identified the +0 leather armour of Oness {Str+6 Int-3
                  | Dex+4}
 38527 | Spider:3 | Reached skill level 5 in Earth Magic
 38594 | Spider:3 | Reached XP level 20. HP: 134/134 MP: 32/32
 39348 | Spider:4 | Entered Level 4 of the Spider Nest
 40018 | Spider:4 | Noticed Nikola
 40027 | Spider:4 | Killed Nikola
 40748 | Spider:4 | Got a gossamer rune of Zot
 41091 | Depths:1 | Entered Level 1 of the Depths
 41134 | Depths:1 | Found Ehyzemoa's Magic Scroll Emporium.
 41137 | Depths:1 | Found Huutiad's Jewellery Shoppe.
 41137 | Depths:1 | Found Fukoil's Book Emporium.
 41140 | Depths:1 | Found Setzal's Book Shoppe.
 41213 | Depths:1 | Killed from afar by a blizzard demon

Illustrated notes

Levels and vault maps discovered:
D:1:      wheals_arrival_shading, layout_basic, dk_noncrumbling_4,
          kennysheep_pointless_box
D:2:      layout_loops_ring, basic_altar, minmay_misc_feat_four_crosses,
          uniq_sigmund
D:3:      layout_basic, serial_shops, nicolae_shop_statue_plus
D:4:      layout_rooms, gammafunk_temple_overflow_claw, serial_shops,
          shop_fountains, uniq_crazy_yiuf_cottage
D:5:      layout_cave_pods, minmay_temple_entry_arrows,
          dilly_guarded_unrand_throatcut
D:6:      layout_basic, cheibriados_altar_1, serial_park_tiny_pond,
          dreamdust_gnoll_farm, uniq_duvessa, uniq_edmund
D:7:      layout_basic, nicolae_hepliaklqana_hazy_memory, enter_bailey_2,
          water_boxes_lemuel
D:8:      layout_loops_ring, serial_shops, nicolae_diamond_shop
D:9:      layout_gridville, nemelex_xobeh_ov_fountains_minmay,
          trog_hazing_becter, palyth_stone_intersect
D:10:     layout_basic, mainiacjoe_overflow_small_starburst, orc_david_3
D:11:     layout_irregular_city, david_lair_shrubbed,
          nicolae_trove_entry_isolated
D:12:     nzn_winding_woodlands_medium [nzn_winding_woodlands_5x5_closed_star,
          nzn_winding_woodlands_5x15_concentric,
          nzn_winding_woodlands_5x5_checkerboard,
          nzn_winding_woodlands_5x5_perimeter,
          nzn_winding_woodlands_center_triple_pond,
          nzn_winding_woodlands_5x5_three, nzn_winding_woodlands_hourglass,
          nzn_winding_woodlands_5x15_twine, nzn_winding_woodlands_5x5_default],
          layout_basic, uniq_snorg, uniq_psyche
D:13:     dreamdust_wu_jian_sword_trials, layout_rooms, david_vaults_4,
          serial_shops, nicolae_shop_hallway_plus, kennysheep_flooded_box
D:14:     layout_irregular_city, kiku_gazebo_garden_becter
D:15:     grunt_enter_depths_snipers, layout_irregular_city,
          nrook_mini_backslash, serial_shops, nicolae_diamond_shop
Temple:   eino_temple_water
Lair:1:   layout_gridlike
Lair:2:   layout_cave_pods, hellmonk_spider_entry_not_the_bees
Lair:3:   layout_long_grid, minmay_shoals_entry_beasts, serial_bayou_ford_a,
          serial_bayou_pond_c, cheibrodos_lair_lostbears
Lair:4:   layout_gridlike, minmay_slime_entry_oklob_enclosed
Lair:5:   gammafunk_lair_ancient_temple, layout_concentric_octagons,
          st_stairs_13
Shoals:1: layout_shoals, wheals_shoals_ruined_temple, uniq_donald
Shoals:2: layout_shoals, serial_shops, shop_statue,
          nicolae_shoals_cliffside_cave, uniq_polyphemus
Shoals:3: cheibrodos_shoals_epimethial_gifts, layout_shoals, uniq_kirke
Shoals:4: shoals_end_hellmonk_storm_palace [storm_palace_center_ruins,
          storm_palace_corner_reverse_hut, storm_palace_corner_reverse_hut,
          storm_palace_corner_grid, storm_palace_corner_pillars], serial_shops
Spider:1: layout_spider_delve, drop_trap
Spider:2: nicolae_spider_brood_tunnel, hangedman_spider_tarantella_strand
Spider:3: layout_spider_delve
Spider:4: hellmonk_spider_rune_bug_friends, nicolae_spider_webs_and_nodes,
          uniq_nikola
Orc:1:    layout_caves, portal_ice_cave_entry_pillars_1
Orc:2:    st_orc_rangers, layout_caves, nicolae_volcano_entry_lava_flow,
          minmay_orc_temple_a
Vaults:1: v_misc_1, nicolae_vaults_network_square, v_misc_24, v_alt_pattern_1,
          ontoclasm_vaults_decontamination, v_misc_30, vaults_room_large_hall,
          vaults_dpeg_encased_lava, nicolae_vaults_little_squares_3,
          hangedman_vaults_snaps, vaults_mumra_hex, hangedman_vaults_capsules,
          ontoclasm_vaults_loading_screen, layout_vaults_maze_bifur
Vaults:2: vaults_dpeg_hooks, nicolae_vaults_twisting_passages, v_misc_11,
          vaults_dpeg_doors, hangedman_vaults_nails, vaults_room_glass_cross,
          ontoclasm_vaults_tryst, nicolae_vaults_little_squares_2,
          layout_vaults_quadrants, minmay_crypt_entry_necro_gods, uniq_mara,
          uniq_asterion
Depths:1: layout_honeycomb, enter_ziggurat_b, hangedman_coc_ice_floe,
          grunt_dithmenos_smoke_and_mirrors, kennysheep_generic_room_2,
          minmay_shoptagon

Skill      XL: |  1  2  3  4  5  6  7  8  9 10 11 12 13 14 15 16 17 18 19 20 |
---------------+-------------------------------------------------------------+-----
Stealth        | 2 3 |  3.1
Ranged Weapons | 6 7 8 10 11 12 13 14 16 17 18 | 18.0
Fighting       | 3 4 5 6 8 9 10 11 12 13 14 15 16 17 18 | 18.0
Armour         | 1 2 3 4 5 6 |  6.0
Long Blades    | 1 2 3 4 5 6 |  6.0
Dodging        | 5 7 9 10 12 13 14 15 16 17 18 | 18.4
Invocations    | 2 5 7 9 10 12 | 12.0
Spellcasting   | 2 3 4 6 7 8 |  8.0
Translocations | 1 2 |  2.0
Air Magic      | 3 4 |  4.1
Poison Magic   | 2 3 5 6 8 |  8.0
Evocations     | 2 5 7 8 |  8.1
Transmutations | 3 5 7 8 |  8.0
Short Blades   | 2 5 |  5.1
Necromancy     | 2 3 6 8 |  8.0
Earth Magic    | 2 3 5 6 |  6.6

Action                     |  1- 3 |  4- 6 |  7- 9 | 10-12 | 13-15 | 16-18 | 19-21 || total
---------------------------+-------+-------+-------+-------+-------+-------+-------++-------
  Melee: Long sword        |       |       |       |     9 |   105 |    85 |       ||   199
         Punch             |       |       |       |       |       |     2 |       ||     2
         Quick blade       |       |       |       |       |       |       |    32 ||    32
   Fire: Shortbow          |    83 |    82 |   218 |   648 |   155 |       |       ||  1186
         Arbalest          |       |       |       |       |   474 |   748 |   570 ||  1792
   Cast: Apportation       |       |       |       |       |     1 |       |       ||     1
         Olgreb's Toxic Ra |       |       |       |       |       |     4 |       ||     4
 Invoke: Disaster Area     |       |       |       |       |     2 |     1 |       ||     3
         Elemental Force   |       |       |       |       |       |     2 |       ||     2
  Evoke: Tin of tremorston |       |       |       |       |       |     1 |       ||     1
    Use: Potion            |       |       |     3 |     4 |     4 |     5 |       ||    16
         Scroll            |       |       |       |    10 |    12 |     9 |     4 ||    35
   Stab: Petrified         |       |       |       |       |     1 |       |       ||     1
 Armour: Leather armour    |    10 |       |     2 |    12 |    30 |    33 |    31 ||   118
  Dodge: Dodged            |    36 |     5 |    37 |   148 |   471 |   443 |   299 ||  1439
         Repelled          |       |       |       |     4 |    13 |    13 |     1 ||    31
  Block: Other             |       |       |       |    32 |   166 |   267 |   194 ||   659
         Reflection        |       |       |       |       |       |    51 |     1 ||    52

Table legend: (Time is in decaauts)
 A = Elapsed time spent in this place.
 B = Non-inter-level travel time spent in this place.
 C = Inter-level travel time spent in this place.
 D = Time resting spent in this place.
 E = Time spent auto-exploring this place.
 F = Levels seen in this place.
 G = Mean time per level.
                   A        B        C        D        E       F      G
               +--------+--------+--------+--------+--------+-----+--------+
         Total |  41698 |  38314 |   3384 |   7954 |  23885 |  36 | 1158.3 |
       Dungeon |  18471 |  16669 |   1802 |   2333 |  11791 |  15 | 1231.4 |
        Temple |     96 |     80 |     16 |      0 |     57 |   1 |   96.0 |
          Lair |   8287 |   7347 |    940 |   1863 |   4538 |   5 | 1657.4 |
        Shoals |   5672 |   5473 |    199 |   1362 |   3140 |   4 | 1418.0 |
   Spider Nest |   4445 |   4233 |    212 |   1287 |   2138 |   4 | 1111.2 |
  Orcish Mines |   1978 |   1817 |    161 |    653 |    761 |   2 |  989.0 |
        Vaults |   1567 |   1516 |     51 |    231 |    981 |   2 |  783.5 |
        Depths |    122 |    122 |      0 |      0 |     55 |   1 |  122.0 |
        Bailey |    453 |    453 |      0 |    214 |    119 |   1 |  453.0 |
      Ice Cave |    604 |    604 |      0 |     10 |    304 |   1 |  604.0 |
               +--------+--------+--------+--------+--------+-----+--------+

Top non-repeatable levels by time:
    D:10: 2889 daAuts
  Lair:2: 2686 daAuts
  Lair:3: 2463 daAuts
Shoals:4: 2038 daAuts
Vaults:1: 1556 daAuts
     D:9: 1491 daAuts
Spider:3: 1484 daAuts
     D:2: 1435 daAuts
    D:11: 1384 daAuts
     D:7: 1317 daAuts
    D:12: 1301 daAuts
    D:15: 1281 daAuts
Shoals:2: 1271 daAuts
  Lair:5: 1238 daAuts
Shoals:1: 1213 daAuts
